 Dungeon Crawl Stone Soup version 0.29.1-15-g9cfb28693d (webtiles) character file.

Game seed: 9308535762177942383

59 EarthwalkerPL the Trooper (level 3, -3/34 HPs)
             Began as a Minotaur Fighter on May 1, 2023.
             Succumbed to an orc's poison
             ... on level 2 of the Dungeon.
             The game lasted 00:01:28 (1615 turns).

EarthwalkerPL the Trooper (Minotaur Fighter)        Turns: 1615, Time: 00:01:29

Health: -3/34      AC:  7    Str: 22    XL:     3   Next: 78%
Magic:  2/2        EV:  9    Int:  5    God:
Gold:   106        SH:  4    Dex:  9    Spells: 2/2 levels left

rFire   . . .      SeeInvis .   a - +0 war axe
rCold   . . .      Faith    .   c - +0 buckler
rNeg    . . .      Spirit   .   b - +0 scale mail
rPois   .          Reflect  .   (helmet restricted)
rElec   .          Harm     .   (no cloak)
rCorr   .          Rampage  .   (no gloves)
Will    .....                   (no boots)
Stlth   ..........              (no amulet)
HPRegen 0.11/turn               (no ring)
MPRegen 0.08/turn               (no ring)

@: lethally poisoned (-3 -> -17)
A: horns 2, retaliatory headbutt
a: no special abilities


You were on level 2 of the Dungeon.
You visited 1 branch of the dungeon, and saw 3 of its levels.

You collected 106 gold pieces.

Inventory:

Hand Weapons
 a - a +0 war axe (weapon)
Armour
 b - a +0 scale mail (worn)
 c - a +0 buckler (worn)
Wands
 l - a wand of flame (15)
Scrolls
 e - a scroll of immolation {unknown}
 f - a scroll of summoning {unknown}
 i - a scroll of identify {unknown}
 j - a scroll of enchant weapon {unknown}
 m - a scroll of fog {unknown}
 o - a scroll of amnesia {unknown}
 p - a scroll of teleportation {unknown}
 q - a scroll of acquirement {unknown}
Potions
 d - a potion of might
 g - a potion of curing {unknown}
 h - 3 potions of lignification {unknown}
 k - a potion of heal wounds {unknown}
 n - a potion of mutation {unknown}


   Skills:
 * Level 4.4 Fighting
 * Level 3.3 Axes
 * Level 4.3 Armour
 + Level 4.0 Shields


You had 2 spell levels left.
You didn't know any spells.
Your spell library contained the following spells:

 Spells                   Type           Power      Damage    Failure   Level
 Foxfire                  Conj/Fire      0%         2x1d4     87%         1
 Blink                    Tloc           0%         N/A       95%         2
 Poisonous Vapours        Pois/Air       0%         N/A       95%         2
 Scorch                   Fire           0%         2d5       95%         2
 Conjure Flame            Conj/Fire      0%         6-21      99%         3
 Inner Flame              Hex/Fire       0%         N/A       99%         3
 Corpse Rot               Necr/Pois/Air  0%         N/A       100%        4
 Flame Wave               Conj/Fire      0%         2d4       100%        4
 Petrify                  Tmut/Erth      0%         N/A       100%        4
 Sticky Flame             Conj/Fire      0%         2d3       100%        4
 Fireball                 Conj/Fire      0%         3d3       100%        5
 Freezing Cloud           Conj/Ice/Air   0%         6-21      100%        5
 Manifold Assault         Tloc           0%         N/A       100%        5
 Simulacrum               Ice/Necr       0%         N/A       100%        6
 Storm Form               Tmut/Air       0%         N/A       100%        7
 Polar Vortex             Ice            0%         N/A       100%        9


Dungeon Overview and Level Annotations

Branches:
Dungeon (3/15)

Altars:
Ru


Innate Abilities, Weirdness & Mutations

You have a pair of horns on your head.
You reflexively headbutt those who attack you in melee.


Message History

The orc is severely wounded.
The orc barely misses you.
You hit the orc but do no damage. Your headbutt misses the orc.
The orc is severely wounded.
You barely miss the orc. You hit the orc. The orc hits you with a +0 hand axe.
The orc hits you with a +1 flail of venom.
You are poisoned.
The orc hits you with a +0 dagger.
You barely miss the orc. You headbutt the orc.
You kill the orc!
You barely miss the orc. You hit the orc. You slash the orc!
You kill the orc!
You feel very sick. The orc barely misses you. The orc closely misses you.
You furiously retaliate!
You headbutt the orc, but do no damage. The orc barely misses you.
You furiously retaliate!
You headbutt the orc, but do no damage.
You feel sick.
The orc hits you with a +1 flail of venom.
The orc wizard casts a spell at you. The puff of flame hits you.
You climb upwards.
You feel sick.
There is a stone staircase leading down here.
You are too injured to fight recklessly!
You are too injured to fight recklessly!
You are too injured to fight recklessly!
You closely miss the orc. You closely miss the orc wizard.
You feel sick. The orc closely misses you. The orc wizard barely misses you.
You closely miss the orc. Your headbutt misses the orc.
You hit the orc wizard but do no damage.
You feel sick.
You are no longer poisoned.
The orc hits you with a +1 flail of venom.
* * * LOW HITPOINT WARNING * * *
You are lethally poisoned!
The orc wizard hits you with a +0 dagger.
* * * LOW HITPOINT WARNING * * *
You slash the orc!
You kill the orc!
You hit the orc wizard but do no damage.
You die...

#..........'......
#..........#####..
########.....>....# #..
#......#.....##.### #..
#............##.#######..
##........................
#..............#......###.
#........).....#.#....##..
#........@o..#.#.#....##..
##........................
######.....###...........
######.....##............
#####...........#...#........
#...............#......####..
#......................####[.
#.....................#......
#.........<.........###.#.#<)


You could see an orc wizard.

Vanquished Creatures
  Terence (D:2)
  A worm (D:2)
  3 orcs
  2 ball pythons
  3 endoplasms
  A giant cockroach (D:1)
  A goblin (D:1)
  2 hobgoblins (D:1)
  2 quokkas (D:2)
  5 bats
  4 kobolds
  5 rats
30 creatures vanquished.

Notes
Turn   | Place    | Note
-------+----------+-------------------------------------------
     0 | D:1      | EarthwalkerPL the Minotaur Fighter began the quest for the
                  | Orb.
     0 | D:1      | Reached XP level 1. HP: 19/19 MP: 0/0
    22 | D:1      | Found a faded altar of an unknown god.
   431 | D:1      | Reached XP level 2. HP: 21/27 MP: 1/1
   900 | D:2      | Noticed Terence
   907 | D:2      | Killed Terence
   908 | D:2      | Reached XP level 3. HP: 19/33 MP: 2/2
  1131 | D:2      | Got the Almanac of Incendiary Spelunking
  1145 | D:2      | Found a sacrificial altar of Ru.
  1615 | D:2      | Succumbed to an orc's poison

Illustrated notes

Levels and vault maps discovered:
D:1:      psy_arrival_heroes, layout_basic, ebering_ecumenical_altar_mist,
          serial_park_tiny_1
D:2:      layout_basic, basic_altar, uniq_terence
D:3:      minmay_general_purpose_star, layout_rooms, serial_glass,
          glass_columns_a, glass_columns_c, uniq_crazy_yiuf_cottage

Skill      XL: |  1  2  3 |
---------------+----------+-----
Fighting       | 4 |  4.4
Axes           | 3 |  3.3
Armour         | 4 |  4.3
Shields        | 4 |  4.0

Action                   || total
-------------------------++-------
Melee: War axe           ||    62
       Headbutt          ||     8
Armor: Scale mail        ||    39
Dodge: Dodged            ||    31
Block: Buckler           ||    10
